 Dungeon Crawl Stone Soup version 0.31-a0-325-g067879e3d3 (webtiles) character file.

Game seed: 1842230360953605224

84 AdnanSaban the Covered (level 4, -5/29 HPs)
             Began as a Gargoyle Fighter on July 18, 2023.
             Slain by Pargi (7 damage)
             ... in a sewer.
             The game lasted 00:02:49 (1639 turns).

AdnanSaban the Covered (Gargoyle Fighter)           Turns: 1639, Time: 00:02:50

Health: -5/29      AC: 13    Str: 21    XL:     4   Next: 45%
Magic:  4/4        EV:  7    Int:  9    God:
Gold:   94         SH:  4    Dex:  9    Spells: 3/3 levels left

rFire   . . .        a - +0 flail
rCold   . . .        c - +0 buckler
rNeg    + . .        e - +0 chain mail
rPois   ∞            (no helmet)
rElec   +            (no cloak)
rCorr   .            (no gloves)
SInv    .            (no boots)
Will    .....        (no amulet) Stlth
                     (no ring)
HPRegen 0.24/turn    (no ring)
MPRegen 0.09/turn

%: no passive effects
@: no status effects
A: sickness immunity, AC +3, negative energy resistance 1, electricity
resistance, torment resistance 1, petrification resistance
a: no special abilities


You were in a sewer.
You visited 1 branch of the dungeon, and saw 3 of its levels.
You also visited: Sewer.

You collected 94 gold pieces.

Inventory:

Hand Weapons
 a - a +0 flail (weapon)
 j - the +0 mace "Oma Wito" {heavy, rF+ Str+2}
   (You found it on level 2 of the Dungeon)

   Str:       It affects your strength (+2).
   rF:        It protects you from fire.
Armour
 c - a +0 buckler (worn)
 e - a +0 chain mail (worn)
Scrolls
 f - a scroll of silence {unknown}
 i - 2 scrolls of blinking {unknown}
 k - a scroll of vulnerability {unknown}
 l - a scroll of fear {unknown}
 n - a scroll of teleportation {unknown}
Potions
 b - 4 potions of curing {unknown}
 d - a potion of might
 g - a potion of brilliance {unknown}
 h - a potion of mutation {unknown}
 m - a potion of heal wounds {unknown}


   Skills:
 + Level 3.9 Fighting
 + Level 3.0 Maces & Flails
 + Level 4.0 Armour
 + Level 3.8 Shields


You had 3 spell levels left.
You didn't know any spells.
Your spell library contained the following spells:

 Spells                   Type           Power      Damage    Failure   Level
 Magic Dart               Conj           0%         1d3       98%         1
 Call Imp                 Summ           0%         N/A       99%         2
 Ensorcelled Hibernation  Hex/Ice        0%         N/A       99%         2
 Confusing Touch          Hex            0%         N/A       100%        3
 Mephitic Cloud           Conj/Pois/Air  0%         N/A       100%        3
 Summon Guardian Golem    Hex/Summ       0%         N/A       100%        3
 Alistair's Intoxication  Tmut/Pois      0%         N/A       100%        5
 Eringya's Noxious Bog    Tmut/Pois      0%         4d6       100%        6
 Orb of Destruction       Conj           0%         9d5       100%        7
 Spellforged Servitor     Conj/Summ      0%         N/A       100%        7


Dungeon Overview and Level Annotations

Branches:
Dungeon (3/15)              Sewer (1/1)

Altars:

Annotations:
Sewer Pargi


Innate Abilities, Weirdness & Mutations

You are immune to sickness and miasma.
Your stone body is resilient. (AC +3)
You are immune to poison.
You resist negative energy. (rN+)
You are resistant to electric shocks. (rElec)
You are resistant to unholy torment.
You are immune to petrification.


Message History

Pargi bites you.
* * * LOW HITPOINT WARNING * * *
Pargi claws you.
* * * LOW HITPOINT WARNING * * *
Pargi barely misses you. Pargi closely misses you.
Pargi claws you but does no damage. Pargi barely misses you.
You closely miss Pargi.
Pargi is heavily wounded.
Pargi bites you.
* * * LOW HITPOINT WARNING * * *
Pargi claws you but does no damage. x2
You sock Pargi!
Pargi is severely wounded.
Pargi bites you.
* * * LOW HITPOINT WARNING * * *
Pargi barely misses you. Pargi claws you but does no damage.
You closely miss Pargi.
Pargi is severely wounded.
Pargi bites you but does no damage. Pargi claws you.
* * * LOW HITPOINT WARNING * * *
Pargi claws you but does no damage.
You closely miss Pargi.
Pargi is severely wounded.
Pargi bites you but does no damage. Pargi claws you but does no damage.
You block Pargi's attack.
Pargi hisses menacingly.
Pargi bites you but does no damage. Pargi barely misses you.
Pargi claws you but does no damage.
You barely miss Pargi.
Pargi is severely wounded.
Pargi bites you but does no damage. Pargi claws you.
* * * LOW HITPOINT WARNING * * *
Pargi barely misses you.
You barely miss Pargi.
Pargi is severely wounded.
Pargi bites you but does no damage. Pargi claws you but does no damage. x2
You closely miss Pargi.
Pargi is heavily wounded.
Pargi bites you!
You die...

#..~
##~~~##
#..~~.#
#.~...##
#~..#
##..##
#...#
##.T# #.
#~@# #..
#~.# #..#
##..# #.~.
#...#
#..###.~##
#...#.~.#
#....~##
#..~..#
##.~~##


You could see Pargi.

Vanquished Creatures
  2 adders (D:2)
  2 worms
  2 bats
  5 endoplasms
  2 giant cockroaches
  5 goblins
  5 hobgoblins
  9 jackals
  4 quokkas
  5 ball pythons (D:1)
  A frilled lizard (D:1)
  4 kobolds
  7 rats
53 creatures vanquished.

Notes
Turn   | Place    | Note
-------+----------+-------------------------------------------
     0 | D:1      | AdnanSaban the Gargoyle Fighter began the quest for the
                  | Orb.
     0 | D:1      | Reached XP level 1. HP: 14/14 MP: 1/1
   168 | D:1      | Reached XP level 2. HP: 17/19 MP: 2/2
   831 | D:2      | Reached XP level 3. HP: 20/24 MP: 3/3
  1124 | D:2      | Got the Quarto of Baneful Glamour
  1127 | D:2      | Identified the +0 mace "Oma Wito" {heavy, rF+ Str+2}
  1159 | D:2      | Reached XP level 4. HP: 28/29 MP: 4/4
  1329 | D:2      | Reached skill level 4 in Armour
  1505 | D:3      | Found a glowing drain.
  1510 | Sewer    | Entered a sewer
  1595 | Sewer    | Noticed Pargi
  1637 | Sewer    | HP: 1/29 [Pargi (1)]
  1639 | Sewer    | Slain by Pargi

Illustrated notes

Levels and vault maps discovered:
D:1:      minmay_arrival_five_plusses, layout_basic
D:2:      layout_rooms, kennysheep_generic_room_12
D:3:      layout_loops_ring, gup_sewer_entry_bowl, kennysheep_another_room
Sewer:    sewer_the_moccasin

Skill      XL: |  1  2  3  4 |
---------------+-------------+-----
Maces & Flails | 3 |  3.0
Armour         | 4 |  4.0
Fighting       | |  3.9
Shields        | |  3.8

Action                     |  1- 3 |  4- 6 || total
---------------------------+-------+-------++-------
  Melee: Flail             |   108 |    36 ||   144
         Mace              |     9 |    36 ||    45
 Armour: Chain mail        |    82 |   103 ||   185
         Scale mail        |     8 |       ||     8
  Dodge: Dodged            |    64 |    67 ||   131
  Block: Buckler           |    27 |    24 ||    51

Table legend: (Time is in decaauts)
 A = Elapsed time spent in this place.
 B = Non-inter-level travel time spent in this place.
 C = Inter-level travel time spent in this place.
 D = Time resting spent in this place.
 E = Time spent auto-exploring this place.
 F = Levels seen in this place.
 G = Mean time per level.
                   A        B        C        D        E       F      G
               +--------+--------+--------+--------+--------+-----+--------+
         Total |   1732 |   1628 |    104 |      0 |   1205 |   4 |  433.0 |
       Dungeon |   1579 |   1475 |    104 |      0 |   1134 |   3 |  526.3 |
         Sewer |    152 |    152 |      0 |      0 |     71 |   1 |  152.0 |
               +--------+--------+--------+--------+--------+-----+--------+

Top non-repeatable levels by time:
     D:1: 839 daAuts
     D:2: 692 daAuts
   Sewer: 152 daAuts
     D:3: 48 daAuts
